 Dungeon Crawl Stone Soup version 0.25.1-2-g60ff931df9 (webtiles) character file.

Game seed: 4138002488631403889

25354 DearestLeader the Grappler (level 12, -8/89 HPs)
             Began as a Demonspawn Gladiator on Nov 3, 2020.
             Was an Elder of Qazlal.
             Mangled by a spiny frog (33 damage)
             ... on level 5 of the Lair of Beasts on Nov 4, 2020.
             The game lasted 00:31:29 (16659 turns).

DearestLeader the Grappler (Demonspawn Gladiator)  Turns: 16659, Time: 00:31:30

Health: -8/89      AC: 29    Str: 27    XL:     12   Next: 88%
Magic:  0/19       EV: 10    Int: 10    God:    Qazlal [****..]
Gold:   1070       SH:  0    Dex: 15    Spells: 11/11 levels left

rFire    + . .     SeeInvis .     - Unarmed
rCold    . . .     Gourm    .   (no shield)
rNeg     . . .     Faith    .   C - +0 chain mail
rPois    .         Spirit   +   c - +0 helmet
rElec    .         Reflect  +   z - +0 cloak
rCorr    +         Harm     .   (gloves unavailable)
MR       .....                  h - +0 pair of boots
Stlth    ..........             F - amulet of reflection
HPRegen  0.24/turn              D - ring of resist corrosion
MPRegen  0.32/turn              n - +6 ring of strength

@: sleeping, sanguine armour, repel missiles
A: claws 3, fire resistance 1, shaggy fur 1, strong 1, magic shield, magic
regeneration, sanguine armour 3
a: Upheaval, Elemental Force, Renounce Religion


You were on level 5 of the Lair of Beasts.
You worshipped Qazlal.
Qazlal was greatly pleased with you.
You were not hungry.

You visited 3 branches of the dungeon, and saw 18 of its levels.
You also visited: Ossuary.

You collected 1070 gold pieces.

Inventory:

Hand Weapons
 y - a +3 war axe of flaming
Missiles
 d - 7 throwing nets
 e - 64 poisoned darts (quivered)
Armour
 c - a +0 helmet (worn)
 h - a +0 pair of boots (worn)
 z - a +0 cloak (worn)
 C - a +0 chain mail (worn)
Jewellery
 g - an uncursed ring of stealth
 j - an uncursed amulet of the acrobat
 n - a +6 ring of strength (right claw)
 D - a ring of resist corrosion (left claw)
 F - an amulet of reflection (around neck)
 R - an uncursed amulet of faith {unknown}
Wands
 A - a wand of iceblast (21)
 G - a wand of polymorph (14)
 J - a wand of acid (15)
 M - a wand of clouds (3)
 O - a wand of digging (5)
Scrolls
 a - a scroll of vulnerability {unknown}
 k - 2 scrolls of teleportation
 l - a scroll of immolation {unknown}
 m - 3 scrolls of enchant weapon {unknown}
 o - 3 scrolls of fog
 p - 2 scrolls of magic mapping {unknown}
 q - 2 scrolls of blinking
 s - 4 scrolls of noise {unknown}
 u - 5 scrolls of remove curse
 x - a scroll of enchant armour {unknown}
 B - 13 scrolls of identify {unknown}
 I - a scroll of summoning {unknown}
 K - 2 scrolls of random uselessness {unknown}
 L - 3 scrolls of amnesia {unknown}
 P - a scroll of silence {unknown}
Potions
 b - 2 potions of might {unknown}
 i - a potion of stabbing {unknown}
 r - a potion of haste {unknown}
 t - a potion of invisibility
 w - a potion of berserk rage
 E - a potion of degeneration {unknown}
 H - 3 potions of mutation
 N - a potion of magic {unknown}
 Q - a potion of cancellation {unknown}
Comestibles
 f - 26 rations


   Skills:
 + Level 6.8 Fighting
 - Level 4.3 Axes
 - Level 1.7 Throwing
 + Level 10.1 Armour
 - Level 3.2 Dodging
 * Level 13.8 Unarmed Combat
 + Level 10.1 Invocations


You had 11 spell levels left.
You didn't know any spells.
Your spell library contained the following spells:

 Spells                   Type           Power        Failure   Level  Hunger
 Foxfire                  Conj/Fire      #...         86%         1    ##.....
 Conjure Flame            Conj/Fire      #.......     99%         3    ####...
 Inner Flame              Hex/Fire       #.......     99%         3    ####...
 Sticky Flame             Conj/Fire      #.......     100%        4    #####..
 Fireball                 Conj/Fire      #.........   100%        5    ######.


Dungeon Overview and Level Annotations

Branches:
Dungeon (11/15)            Temple (1/1) D:5            Lair (6/6) D:8
 Shoals (0/4) Lair:2        Snake (0/4) Lair:4          Orc (0/2) D:10
Ossuary (visited)
  Slime: Lair:5-6

Altars:
Ashenzari
Cheibriados
Dithmenos
Elyvilon
Fedhas
Gozag
Hepliaklqana
Kikubaaqudgha
Makhleb
Nemelex Xobeh
Okawaru
Qazlal
Ru
Sif Muna
Trog
Uskayaw
Vehumet
Wu Jian
Xom
Yredelemnul
Zin
The Shining One

Shops:
D:4 [

Annotations:
Lair:2 3 runed translucent doors, viktor89's ghost, journeyman DEIE
Lair:6 Snorg


Innate Abilities, Weirdness & Mutations

You have claws for hands.
When hurt, damage is shared between your health and your magic reserves.
You regenerate magic rapidly.
When seriously injured, your bleeding wounds create very thick armour. (AC +12)
Your flesh is heat resistant. (rF+)
You are covered in fur. (AC +1)
Your muscles are strong. (Str +2)


Message History

You kill the dream sheep!
Qazlal accepts your kill.
You hear a bellow!
The dream sheep ruffle their wool and motes of dream dust sparkle, to no effect.
Evoke which item? (* to show all) (? for menu, Esc to quit)
Aiming: Cloud Cone
Press: ? - help, Dir - move target cursor You create a blast of noxious fumes!
The dream sheep shake their wool and sparkle.
You feel drowsy...
You fall asleep.
The yak enters a dispersal trap!
The spiny frog blinks!
The dream sheep blinks! x2
You blink.
The yak blinks!
Found a stone staircase leading down.
The dream sheep is engulfed in noxious fumes.
The dream sheep is engulfed in noxious fumes.
The dream sheep appears confused.
The spiny frog stings you but does no damage.
The dream sheep is engulfed in noxious fumes.
The dream sheep appears confused.
The spiny frog stings you!!!
You die...

.....## #....
..>.... ....#
.......#....
...........##
............#
.........☼PP#
..Y...○..○P##
.......@....#
.......F○○.○##
.....YY.Y..§.#
.........§.§##
.......Y§§§§.#
........§§PP##
........§§###
..........#
...)..


You could see 3 yaks, a spiny frog and 2 dream sheep.

Vanquished Creatures
  4 hydras
  Harold (D:8)
  A centaur warrior (D:11)
  A two-headed ogre (D:7)
  A cyclops (D:11)
  A merfolk siren (Lair:2)
  7 black mambas
  5 komodo dragons
  A centaur skeleton (D:10)
  9 spiny frogs
  A troll (D:9)
  A polar bear (Lair:2)
  5 slime creatures (D:10)
  3 hippogriffs
  A dream sheep (Lair:5)
  A blink frog (Lair:6)
  Sigmund (D:5)
  12 yaks
  3 wyverns
  A steam dragon (D:8)
  3 basilisks
  A wraith (D:7)
  A hungry ghost (D:8)
  5 water moccasins
  Duvessa (D:5)
  9 porcupines
  10 orc warriors
  3 sky beasts
  A black bear (D:9)
  An eye of draining (D:10)
  A necrophage (D:8)
  3 phantoms (D:8)
  2 ice beasts
  7 ogres
  4 centaurs
  3 big kobolds
  4 crocodiles
  15 bullfrogs
  Dowan (D:5)
  A water moccasin skeleton (D:8)
  3 scorpions
  5 killer bees (D:10)
  8 wights (D:9)
  4 howler monkeys
  A bullfrog zombie (D:8)
  4 crimson imps
  A centaur zombie (Ossuary)
  3 hounds
  2 human zombies (Ossuary)
  3 jellies (D:8)
  5 orc priests
  8 orc wizards
  Crazy Yiuf (D:4)
  A gnoll shaman (D:6)
  A bullfrog skeleton (D:11)
  3 iguanas
  6 worker ants
  2 big kobold zombies (Ossuary)
  A hound zombie (D:7)
  6 hound skeletons
  2 mummies (Ossuary)
  A howler monkey skeleton (D:6)
  A howler monkey zombie (D:10)
  A worker ant zombie (D:11)
  10 adders
  7 gnolls
  5 shadow imps
  6 oozes
  2 adder zombies (Ossuary)
  2 adder skeletons
  2 dart slugs
  6 leopard geckos
  51 orcs
  A ball python (D:5)
  6 giant cockroaches
  5 goblins
  9 hobgoblins
  5 jackals
  7 quokkas
  7 bats
  5 frilled lizards
  12 hobgoblin zombies (Ossuary)
  A jackal skeleton (D:4)
  A jackal zombie (Ossuary)
  17 kobolds
  9 kobold zombies (Ossuary)
  7 orc zombies (Ossuary)
  A quokka zombie (D:8)
  10 rats
  A rat zombie (Ossuary)
404 creatures vanquished.

Vanquished Creatures (others)
  7 fungi
  4 plants
11 creatures vanquished.

Grand Total: 415 creatures vanquished

Notes
Turn   | Place    | Note
-------+----------+-------------------------------------------
     0 | D:1      | DearestLeader the Demonspawn Gladiator began the quest for
                  | the Orb.
     0 | D:1      | Reached XP level 1. HP: 16/16 MP: 1/1
   428 | D:1      | Gained mutation: You have sharp fingernails. [demonic
                  | ancestry]
   428 | D:1      | Reached XP level 2. HP: 22/22 MP: 2/2
  1010 | D:2      | Found a radiant altar of Vehumet.
  1011 | D:2      | Found a bloodstained altar of Trog.
  1014 | D:2      | Found an ornate altar of the Wu Jian Council.
  1014 | D:2      | Found a shimmering altar of Xom.
  1018 | D:2      | Reached skill level 1 in Unarmed Combat
  1023 | D:2      | Gained mutation: When hurt, damage is shared between your
                  | health and your magic reserves. [demonic ancestry]
  1023 | D:2      | Reached XP level 3. HP: 13/28 MP: 3/3
  1831 | D:2      | Gained mutation: You are covered in fur. (AC +1) [potion of
                  | mutation]
  1831 | D:2      | Gained mutation: Your flesh is heat resistant. (rF+)
                  | [potion of mutation]
  1831 | D:2      | Gained mutation: Your muscles are strong. (Str +2) [potion
                  | of mutation]
  1834 | D:2      | Reached XP level 4. HP: 9/34 MP: 2/4
  2177 | D:2      | Found a glowing golden altar of the Shining One.
  2324 | D:3      | Reached skill level 2 in Unarmed Combat
  3282 | D:4      | Reached skill level 1 in Armour
  3282 | D:4      | Gained mutation: You have very sharp fingernails. [demonic
                  | ancestry]
  3282 | D:4      | Reached XP level 5. HP: 32/41 MP: 3/5
  3594 | D:4      | Reached skill level 3 in Unarmed Combat
  3596 | D:4      | Gained mutation: When seriously injured, your bleeding
                  | wounds create armour. (AC +12) [demonic ancestry]
  3596 | D:4      | Reached XP level 6. HP: 47/47 MP: 6/6
  3660 | D:4      | Found a shadowy altar of Dithmenos.
  3749 | D:4      | Found a runed translucent door.
  3750 | D:4      | Noticed Crazy Yiuf
  3806 | D:4      | Found Titokef's Armour Boutique.
  3980 | D:4      | Killed Crazy Yiuf
  4185 | D:5      | Entered Level 5 of the Dungeon
  4187 | D:5      | Noticed Sigmund
  4205 | D:5      | Killed Sigmund
  4205 | D:5      | Reached skill level 4 in Unarmed Combat
  4205 | D:5      | Gained mutation: When seriously injured, your bleeding
                  | wounds create thick armour. (AC +12) [demonic ancestry]
  4205 | D:5      | Reached XP level 7. HP: 51/54 MP: 7/7
  4242 | D:5      | Found a sand-covered staircase.
  4251 | Ossuary  | Entered an ossuary
  4555 | D:5      | Found an iron altar of Okawaru.
  4617 | D:5      | Reached skill level 5 in Unarmed Combat
  4772 | D:5      | Found a staircase to the Ecumenical Temple.
  4783 | D:5      | Noticed Dowan
  4785 | D:5      | Noticed Duvessa
  4849 | D:5      | Killed Duvessa
  4849 | D:5      | Reached XP level 8. HP: 56/61 MP: 8/8
  4856 | D:5      | Killed Dowan
  4856 | D:5      | Reached skill level 5 in Fighting
  5020 | Temple   | Entered the Ecumenical Temple
  5116 | Temple   | Became a worshipper of Qazlal Stormbringer
  6114 | D:7      | Reached skill level 6 in Unarmed Combat
  6250 | D:7      | Reached * piety under Qazlal
  6658 | D:8      | Reached skill level 7 in Unarmed Combat
  6765 | D:8      | Reached skill level 5 in Armour
  6788 | D:7      | Gained mutation: When seriously injured, your bleeding
                  | wounds create very thick armour. (AC +12) [demonic
                  | ancestry]
  6788 | D:7      | Reached XP level 9. HP: 17/68 MP: 2/9
  7066 | D:8      | Reached skill level 8 in Unarmed Combat
  7072 | D:8      | Noticed a centaur warrior
  7233 | D:8      | Noticed a two-headed ogre
  7563 | D:7      | Killed a two-headed ogre
  7563 | D:7      | Reached skill level 9 in Unarmed Combat
  7620 | D:8      | Reached ** piety under Qazlal
  7627 | D:8      | Noticed Harold
  7634 | D:8      | Killed Harold
  7634 | D:8      | Reached skill level 10 in Unarmed Combat
  7634 | D:8      | Reached XP level 10. HP: 37/74 MP: 4/10
  7856 | D:8      | Reached skill level 1 in Invocations
  8021 | D:8      | Found a staircase to the Lair.
  9168 | D:9      | Reached skill level 11 in Unarmed Combat
  9343 | D:9      | Reached *** piety under Qazlal
  9823 | D:9      | Found a shimmering altar of Xom.
 10079 | D:10     | Entered Level 10 of the Dungeon
 10090 | D:10     | Reached skill level 5 in Invocations
 10104 | D:10     | Gained mutation: You regenerate magic rapidly. [demonic
                  | ancestry]
 10104 | D:10     | Reached XP level 11. HP: 54/79 MP: 11/14
 10548 | D:10     | Reached skill level 12 in Unarmed Combat
 10916 | D:10     | You fall into a shaft and drop 1 floor!
 10933 | D:11     | Noticed a centaur warrior
 10949 | D:11     | Killed a centaur warrior
 11001 | D:11     | Reached **** piety under Qazlal
 11554 | D:10     | Found a staircase to the Orcish Mines.
 11773 | Lair:1   | Entered Level 1 of the Lair of Beasts
 11791 | Lair:1   | Noticed a four-headed hydra
 11800 | Lair:1   | Killed a one-headed hydra
 12852 | Lair:1   | Gained mutation: You have claws for hands. [demonic
                  | ancestry]
 12852 | Lair:1   | Reached XP level 12. HP: 70/86 MP: 18/18
 13269 | Lair:2   | Noticed a four-headed hydra
 13292 | Lair:2   | Killed a one-headed hydra
 13297 | Lair:2   | Reached skill level 13 in Unarmed Combat
 13677 | Lair:2   | Found a staircase to the Shoals.
 14073 | Lair:2   | Found an opulent altar of Gozag.
 14236 | Lair:2   | Found a runed translucent gate.
 14236 | Lair:2   | Found a runed translucent gate.
 14236 | Lair:2   | Found a runed translucent gate.
 14236 | Lair:2   | Noticed viktor89's ghost (journeyman DEIE)
 14275 | Lair:2   | Noticed a six-headed hydra
 14290 | Lair:2   | Killed a one-headed hydra
 14878 | Lair:3   | Noticed a seven-headed hydra
 14894 | Lair:3   | Killed a one-headed hydra
 16191 | Lair:4   | Reached skill level 10 in Armour
 16534 | Lair:4   | Found a staircase to the Snake Pit.
 16546 | Lair:4   | You fall into a shaft and drop 2 floors!
 16546 | Lair:6   | Entered Level 6 of the Lair of Beasts
 16549 | Lair:6   | Noticed a six-headed hydra
 16555 | Lair:6   | Noticed Snorg
 16565 | Lair:6   | Reached skill level 10 in Invocations
 16659 | Lair:5   | Mangled by a spiny frog

Illustrated notes

Levels and vault maps discovered:
D:1:      nicolae_arrival_somewhat_less_tricky_arrival, layout_basic
D:2:      layout_loops_ring, lemuel_coloured_pillars_altar,
          chequers_temple_overflow_statue_of_worship
D:3:      minmay_recursive_quarters, layout_basic, kennysheep_donut,
          minmay_ruptured
D:4:      layout_cave_pools, serial_shops, kennysheep_little_box, first_ration,
          nicolae_dithmenos_through_a_glass_darkly, uniq_crazy_yiuf_cottage
D:5:      layout_rooms, kennysheep_mini_moat, minmay_temple_entry_butterflies,
          nicolae_ossuary_entry_monument, wad_rectangle_vault, uniq_duvessa,
          uniq_sigmund
D:6:      layout_basic
D:7:      layout_gridville
D:8:      layout_cave_pools, due_lair_maze_entry_diamond,
          hangedman_little_slice_of_home, minmay_diced_spiral, uniq_harold
D:9:      layout_roguey [special_room_orc], chequers_serial_rivers_micro_c,
          xom_teletrap_fun
D:10:     layout_cave_pools, orc_0_dummy
D:11:     layout_long_grid, special_room [special_room_orc], serial_shops,
          kennysheep_mini, nicolae_shop_stone, shop, statue_in_the_mist_lemuel,
          uniq_urug, uniq_josephine
Temple:   regret_index_temple_sphere_string
Lair:1:   layout_roguey, grunt_megastairs_2
Lair:2:   layout_gridlike, elwin_shoals_entry_rooms, basic_altar,
          ebering_ghost_rock_garden, beast_lair_carwin_6
Lair:3:   layout_chaotic_city, grunt_megastairs_5
Lair:4:   layout_big_grid, dummy_snake_entry, grunt_megastairs_1,
          serial_bayou_shore_b, uniq_kirke
Lair:5:   layout_cave_pods, minmay_slime_entry_eyes, minmay_lair_oklob_chamber
Lair:6:   evil_forest, layout_regular_city, uniq_snorg

Skill      XL: |  1  2  3  4  5  6  7  8  9 10 11 12 |
---------------+-------------------------------------+-----
Axes           | 3 4 |  4.3
Dodging        | 3 |  3.2
Unarmed Combat | 1 2 3 4 5 7 10 11 12 13 | 13.8
Fighting       | 3 4 5 6 |  6.8
Armour         | 1 2 3 5 7 8 9 10 | 10.1
Invocations    | 5 8 10 | 10.1
Throwing       | |  1.7

Action                   |  1- 3 |  4- 6 |  7- 9 | 10-12 || total
-------------------------+-------+-------+-------+-------++-------
Melee: War axe           |    91 |    72 |   305 |   464 ||   932
       Hand axe          |       |    57 |       |       ||    57
       Punch             |       |     1 |     7 |    31 ||    39
       Unarmed           |       |       |       |   133 ||   133
Throw: Dart              |       |     1 |       |       ||     1
Invok: Upheaval          |       |       |     1 |     8 ||     9
Evoke: Wand              |       |       |       |     3 ||     3
  Use: Potion            |     2 |     2 |     1 |     6 ||    11
       Scroll            |       |     3 |     1 |     4 ||     8
 Stab: Sleeping          |     1 |     2 |       |       ||     3
  Eat: Chunk             |     3 |     7 |    11 |    22 ||    43
       Ration            |       |       |       |     3 ||     3
Armor: Leather armour    |    43 |     8 |       |       ||    51
       Ring mail         |       |    17 |       |       ||    17
       Chain mail        |       |     8 |   228 |   382 ||   618
       Scale mail        |       |     3 |       |       ||     3
Dodge: Dodged            |    71 |    86 |   183 |   285 ||   625
Block: Other             |       |       |    79 |   311 ||   390
       Reflection        |       |       |     1 |     9 ||    10
